 Dungeon Crawl Stone Soup version 0.25-a0-558-g78a2afb0af (webtiles) character file.

Game seed: 5133757939908428333, levelgen mode: classic

234 EnegeticOcto the Shield-Bearer (level 5, -7/50 HPs)
             Began as a Deep Dwarf Fighter on Feb 24, 2020.
             Mangled by an ogre
             ... wielding a +0 giant spiked club
              (22 damage)
             ... on level 4 of the Dungeon.
             The game lasted 00:00:33 (669 turns).

EnegeticOcto the Shield-Bearer (Deep Dwarf Fighter)  Turns: 669, Time: 00:00:33

Health: -7/50      AC:  7    Str: 21    XL:     5   Next: 75%
Magic:  5/5        EV:  8    Int:  8    God:
Gold:   94         SH:  9    Dex: 12    Spells: 4/4 levels left

rFire    . . .     SeeInvis .   a - +0 war axe
rCold    . . .     Gourm    .   c - +0 kite shield
rNeg     + . .     Faith    .   b - +0 scale mail
rPois    .         Spirit   .   (no helmet)
rElec    .         Reflect  .   (no cloak)
rCorr    .         Harm     .   (no gloves)
MR       .....                  (no boots)
Stlth    ..........             (no amulet)
HPRegen  0.00/turn              h - ring of positive energy
MPRegen  0.09/turn              (no ring)

@: non-regenerating
A: damage resistance, heal wounds, sense surroundings 1, no regeneration
a: Heal Wounds


You were on level 4 of the Dungeon.
You were not hungry.

You visited 1 branch of the dungeon, and saw 4 of its levels.

You collected 94 gold pieces.

Inventory:

Hand Weapons
 a - a +0 war axe (weapon)
Armour
 b - a +0 scale mail (worn)
 c - a +0 kite shield (worn)
Jewellery
 h - a ring of positive energy (left hand)
Scrolls
 f - a scroll of immolation {unknown}
 g - a scroll of amnesia {unknown}
 l - a scroll of magic mapping {unknown}
 m - a scroll of enchant weapon {unknown}
 n - a scroll of teleportation {unknown}
 p - a scroll of enchant armour {unknown}
 r - a scroll of identify {unknown}
Potions
 d - a potion of haste {unknown}
 j - a potion of brilliance {unknown}
 k - 3 potions of might {@q3}
 o - a potion of heal wounds {unknown}
 q - a potion of magic {unknown}
Comestibles
 e - 2 rations


   Skills:
 * Level 3.9 Fighting
 * Level 3.9 Axes
 + Level 4.0 Armour
 + Level 2.0 Dodging
 + Level 4.1 Shields


You had 4 spell levels left.
You didn't know any spells.
Your spell library was empty.

Dungeon Overview and Level Annotations

Branches:
Dungeon (4/15)
 Temple: D:4-7

Altars:

Shops:
D:4 ?


Innate Abilities, Weirdness & Mutations

You are resistant to damage.
You can heal yourself by infusing magical energy.
You passively map a small area around you.
You do not regenerate.


Message History

A phantom is nearby!
The phantom blinks!
No target in view!
No target in view!
No target in view!
No target in view!
No target in view!
No target in view!
No target in view!
No target in view!
p - a scroll labeled KEIMAN ELITE A phantom is nearby!
A phantom is nearby!
A phantom is nearby!
The phantom blinks!
No target in view!
No target in view!
No target in view!
No target in view!
No target in view!
No target in view!
No target in view!
No target in view!
No target in view!
The phantom is too close now for your liking.
The phantom hits you but does no damage.
You barely miss the phantom.
The phantom is almost destroyed.
The phantom hits you.
You closely miss the phantom.
The phantom is almost destroyed.
The phantom hits you.
You hit the phantom.
The phantom is almost destroyed.
The phantom hits you. You block the phantom's attack.
Your shield and scale mail prevent you from hitting the phantom.
The phantom is almost destroyed.
The phantom blinks!
You miss the phantom.
The phantom is almost destroyed.
The phantom hits you but does no damage.
You hit the phantom but do no damage.
The phantom is almost destroyed.
The phantom blinks!
You slash the phantom!
You destroy the phantom!
Your Armour skill increases to level 4!
Your Dodging skill increases to level 2!
Your Shields skill increases to level 4!
You have reached level 5!
Found 15 poisoned darts.
q - an orange potion Some of the chunks of flesh in your inventory have rotted away.
Found an escape hatch in the ceiling.
r - a scroll labeled AMNUSOLEPN You open the door.
Found Omudiwam's Magic Scroll Emporium.
There is an open door here.
You feel much better.
There is an entrance to Omudiwam's Magic Scroll Emporium here.
A worker ant comes into view.
The worker ant twitches its antennae in your direction.
A worker ant is nearby!
A worker ant is nearby!
A worker ant is nearby!
A worker ant is nearby!
A worker ant is nearby!
An ogre comes into view. It is wielding a +0 giant spiked club.
Found 16 gold pieces.
Found a stone staircase leading down and a stone staircase leading up.
You block the worker ant's attack.
You hit the worker ant.
The worker ant is lightly wounded.
The worker ant closely misses you. The worker ant barely misses you.
The ogre hits you with a +0 giant spiked club!
You hit the worker ant.
The worker ant is lightly wounded.
You barely miss the ogre.
The worker ant bites you but does no damage.
You block the worker ant's attack. You block the ogre's attack.
You slash the worker ant!
The worker ant is severely wounded.
You hit the ogre. You block the worker ant's attack.
The ogre barely misses you.
You hit the worker ant.
The worker ant is almost dead.
You hit the ogre but do no damage. The worker ant barely misses you.
The worker ant bites you but does no damage.
You block the ogre's attack.
You slash the worker ant!
You kill the worker ant!
You hit the ogre but do no damage.
All of the chunks of flesh in your inventory have rotted away.
An ogre is nearby!
You hit the ogre.
The ogre is lightly wounded.
The ogre hits you with a +0 giant spiked club!!
* * * LOW HITPOINT WARNING * * *
The ogre hits you with a +0 giant spiked club!!
You die...

##.#### , * , ##..
##'## * , , ##, ,
#... #...# , * * , .
#... #...#, , .#**
##.. #...# , .# *
,,##.. #..## , ** *
,* ..#* , #... #..##*
+ ##+##..##.. #...
....# , ,#.......<..
,, #... ....# ,
#..@O.$.... #..<
....# , #..######..,
,#... ....# , ,,
#..##..#* ##+#####
#..## ,>
#..##..######..###..
#### * *
##.......∩......'....
#
#...............#....
#
#...##..##..##..#####
# #...##+###..##+## #
#....# #..#* ,


You could see an ogre.

Vanquished Creatures
  A phantom (D:4)
  An orc wizard (D:3)
  An orc priest (D:3)
  2 worker ants (D:4)
  A worm (D:3)
  A leopard gecko (D:1)
  6 orcs (D:3)
  A giant cockroach (D:4)
  A hobgoblin (D:3)
  8 jackals
  A bat (D:3)
  2 frilled lizards (D:3)
  3 rats (D:3)
29 creatures vanquished.

Notes
Turn   | Place    | Note
-------+----------+-------------------------------------------
     0 | D:1      | EnegeticOcto the Deep Dwarf Fighter began the quest for the
                  | Orb.
     0 | D:1      | Reached XP level 1. HP: 20/20 MP: 1/1
   149 | D:3      | Noticed an orc wizard
   149 | D:3      | Noticed an orc priest
   154 | D:3      | Killed an orc priest
   154 | D:3      | Reached XP level 2. HP: 26/28 MP: 2/2
   154 | D:3      | Reached XP level 3. HP: 32/34 MP: 3/3
   159 | D:3      | Reached skill level 1 in Dodging
   178 | D:3      | Reached XP level 4. HP: 34/42 MP: 4/4
   529 | D:4      | Noticed a phantom
   581 | D:4      | Killed a phantom
   581 | D:4      | Reached XP level 5. HP: 27/50 MP: 5/5
   642 | D:4      | Found Omudiwam's Magic Scroll Emporium.
   662 | D:4      | Noticed an ogre
   669 | D:4      | Mangled by an ogre

Levels and vault maps discovered:
D:1:      dpeg_arrival_concentric_ovals, layout_loops_ring
D:2:      minmay_general_purpose_star, layout_basic, lemuel_doored_altar,
          serial_bayou, serial_bayou_pond_a, serial_bayou_pond_e,
          serial_bayou_shore_a, serial_bayou_lake_a, skrybe_limestone_x,
          kennysheep_decorative_pillar, st_stairs_11, uniq_natasha,
          uniq_sigmund, uniq_terence
D:3:      layout_rooms, cheibriados_altar_1, dk_yredelemnul_ordeal
D:4:      layout_gridville, serial_shops, shop

Skill      XL: |  1  2  3  4 |
---------------+-------------+-----
Fighting       | 3 |  3.9
Dodging        | 1 2 |  2.0
Axes           | 3 |  3.9
Armour         | 4 |  4.0
Shields        | 4 |  4.1

Action                   |  1- 3 |  4- 6 || total
-------------------------+-------+-------++-------
Melee: War axe           |    32 |    66 ||    98
 Abil: Heal Wounds       |     1 |     2 ||     3
Armor: Scale mail        |    15 |    32 ||    47
Dodge: Dodged            |    14 |    19 ||    33
Block: Kite shield       |    23 |    37 ||    60

Table legend:
 A = Non-vault XP
 B = Vault XP
 C = Vault XP percentage of total XP
 D = Non-vault monster count
 E = Vault monster count
 F = Vault count percentage of total count
                 A         B        C        D         E       F
            +---------+---------+-------+---------+---------+-------
      Total |     335 |       0 |   0.0 |      29 |       0 |   0.0
            +---------+---------+-------+---------+---------+-------
        D:1 |       3 |       0 |   0.0 |       1 |       0 |   0.0
        D:3 |     122 |       0 |   0.0 |      20 |       0 |   0.0
        D:4 |     210 |       0 |   0.0 |       8 |       0 |   0.0
            +---------+---------+-------+---------+---------+-------
